 Dungeon Crawl Stone Soup version 0.20.1-1-g8b1a95d (webtiles) character file.

347 polve the Poker (level 6, 0/44 HPs)
             Began as a Merfolk Skald on July 23, 2017.
             Succumbed to Terence's poison
             ... on level 3 of the Dungeon.
             The game lasted 00:04:19 (3978 turns).

polve the Poker (Merfolk Skald)                     Turns: 3978, Time: 00:04:20

Health: 0/44       AC:  8    Str: 12    XL:     6   Next: 59%
Magic:  9/9        EV: 13    Int: 14    God:
Gold:   126        SH:  0    Dex: 13    Spells: 3/9 levels left

rFire    . . .     SeeInvis .   a - +0 spear
rCold    . . .     Gourm    .   (no shield)
rNeg     . . .     Faith    .   b - +0 leather armour
rPois    .         Spirit   +   p - +0 helmet
rElec    .         Reflect  .   m - scarf {repulsion}
rCorr    .         Harm     .   (no gloves)
MR       .....                  f - +0 pair of boots (curse)
Stlth    +.........             t - amulet of guardian spirit
Regen    0.2/turn               s - +3 ring of protection
MPRegen  0.2/turn               l - +1 ring of evasion

@: lethally poisoned (0 -> -15), hasted, repel missiles, very quick
A: change form in water, swift swim, stealthy swim
a: no special abilities


You were on level 3 of the Dungeon.
You were not hungry.

You visited 1 branch of the dungeon, and saw 3 of its levels.

You collected 126 gold pieces.

Inventory:

Hand Weapons
 a - a +0 spear (weapon)
Armour
 b - a +0 leather armour (worn)
 f - a cursed +0 pair of boots (worn)
 m - a scarf of repulsion (worn)
 p - a +0 helmet (worn)
Jewellery
 l - a +1 ring of evasion (right hand)
 r - an uncursed amulet of harm {unknown}
 s - a +3 ring of protection (left hand)
 t - an amulet of guardian spirit (around neck)
 v - a cursed ring of ice {unknown}
Scrolls
 e - a scroll of amnesia {unknown}
 g - 7 scrolls of identify {unknown}
 h - a scroll of immolation {unknown}
 k - 2 scrolls of remove curse {unknown}
 o - a scroll of magic mapping {unknown}
 q - 3 scrolls of enchant weapon {unknown}
 w - a scroll of teleportation {unknown}
Books
 c - a book of Battle

   Spells                             Type                      Level
   a - Infusion                       Charms                       1
   b - Shroud of Golubria             Charms/Translocation         2
   c - Song of Slaying                Charms                       2
   d - Spectral Weapon                Hexes/Charms                 3
   e - Regeneration                   Charms/Necromancy            3
Comestibles
 d - 2 bread rations
 i - a royal jelly
 u - 2 meat rations
 x - 5 chunks of flesh


   Skills:
 - Level 2.1 Fighting
 + Level 7.1 Polearms
 - Level 0.6 Armour
 - Level 2.6 Dodging
 - Level 2.0 Spellcasting
 + Level 2.9 Hexes
 - Level 4.0 Charms
 + Level 1.9 Translocations


You had 3 spell levels left.
You knew the following spells:

 Your Spells              Type           Power        Failure   Level  Hunger
a - Infusion              Chrm           ##..         6%          1    ##.....
b - Shroud of Golubria    Chrm/Tloc      #.........   13%         2    ###....
c - Spectral Weapon       Hex/Chrm       ##......     22%         3    ####...


Dungeon Overview and Level Annotations

Branches:
Dungeon (3/15)

Altars:
Uskayaw
Vehumet

Annotations:
D:3 Terence


Message History

You feel yourself speed up.
* * * LOW HITPOINT WARNING * * *
You feel sick. The gnoll completely misses you.
Terence hits you but does no damage.
You are more poisoned.
* * * LOW HITPOINT WARNING * * *
You feel sick.
* * * LOW HITPOINT WARNING * * *
You feel sick.
* * * LOW HITPOINT WARNING * * *
You feel sick.
* * * LOW HITPOINT WARNING * * *
You feel sick.
* * * LOW HITPOINT WARNING * * *
You feel sick.
* * * LOW HITPOINT WARNING * * *
You feel sick.
* * * LOW HITPOINT WARNING * * *
You feel sick.
You die...

##.....#...)....#
#....#..
#......####.##..#
##.#>..#
##.>..g.........# #.##.##
#......@...###.# #.##.#
#.........### #### ######
##.##.###.# #8###_## #.
#.# #.# ##8...8...8##
#.##.###.####.........###
.....#@..#>.........8#.
#.#.#.<.##.........##.
#.)...####8...8...8##.
#.####.### #8###_ ## #.#
#.########### #.#
#........##.# .. ..#
#.#########.# #..# ##.##
#.# #.# #..###...###.#
###.#


You could see Terence.

Vanquished Creatures
  Grinder (D:3)
  An orc priest (D:3)
  A bullfrog skeleton (D:3)
  3 oozes
  A worm (D:3)
  2 dart slugs
  A leopard gecko (D:3)
  7 orcs
  5 bats
  2 giant cockroaches (D:3)
  6 goblins
  8 hobgoblins
  2 jackals (D:1)
  8 kobolds
  A quokka (D:2)
  2 ball pythons
  6 frilled lizards
  10 rats
67 creatures vanquished.

Notes
Turn   | Place    | Note
-------+----------+-------------------------------------------
     0 | D:1      | polve the Merfolk Skald began the quest for the Orb.
     0 | D:1      | Reached XP level 1. HP: 16/16 MP: 3/3
   325 | D:1      | Reached XP level 2. HP: 22/22 MP: 1/5
   757 | D:1      | Reached skill level 4 in Polearms
   757 | D:1      | Reached XP level 3. HP: 25/27 MP: 6/6
  1631 | D:2      | Found a faded altar of an unknown god.
  2162 | D:3      | Found a hide-covered altar of Uskayaw.
  2167 | D:3      | Found a radiant altar of Vehumet.
  2199 | D:3      | Reached skill level 5 in Polearms
  2199 | D:3      | Reached XP level 4. HP: 24/33 MP: 0/7
  2203 | D:3      | Learned a level 2 spell: Shroud of Golubria
  2207 | D:3      | Learned a level 3 spell: Spectral Weapon
  2502 | D:3      | Reached skill level 1 in Hexes
  2938 | D:3      | Reached skill level 6 in Polearms
  2938 | D:3      | Reached XP level 5. HP: 22/38 MP: 2/8
  3292 | D:3      | Noticed Grinder
  3297 | D:3      | Paralysed by Grinder for 6 turns
  3578 | D:3      | Paralysed by Grinder for 7 turns
  3585 | D:3      | HP: 1/38 [Grinder (1)]
  3601 | D:3      | Killed Grinder
  3601 | D:3      | Reached skill level 7 in Polearms
  3601 | D:3      | Reached skill level 1 in Translocations
  3601 | D:3      | Reached XP level 6. HP: 13/44 MP: 0/9
  3938 | D:3      | Noticed Terence
  3975 | D:3      | HP: 2/44 [poisoned by Terence]
  3978 | D:3      | Succumbed to Terence's poison

Skill      XL: |  1  2  3  4  5 |
---------------+----------------+-----
Charms         | 4 |  4.0
Polearms       | 4 5 6 7 |  7.1
Hexes          | 1 2 |  2.9
Translocations | 1 |  1.9
Fighting       | |  2.1
Armour         | |  0.6
Dodging        | |  2.6
Spellcasting   | |  2.0

Action                   |  1- 3 |  4- 6 || total
-------------------------+-------+-------++-------
Melee: Spear             |   124 |   136 ||   260
 Cast: Infusion          |    11 |    13 ||    24
       Shroud of Golubri |       |     1 ||     1
  Use: Potion            |       |     6 ||     6
 Stab: Sleeping          |     2 |     1 ||     3
  Eat: Chunk             |     4 |     6 ||    10
Armor: Leather armour    |    25 |    29 ||    54
Dodge: Dodged            |    62 |    47 ||   109
       Deflected         |       |     2 ||     2
